 Dungeon Crawl Stone Soup version 0.30-a0-457-g4b7bca3bfa (webtiles) character file.

Game seed: 13601656205873996048

15236 LnG the Unseen (level 12, -1/66 HPs)
             Began as a Kobold Summoner on Dec 12, 2022.
             Was a Follower of Dithmenos.
             Slain by a white ugly thing (19 damage)
             ... on level 12 of the Dungeon on Dec 13, 2022.
             The game lasted 00:58:23 (14262 turns).

LnG the Unseen (Kobold Summoner)                   Turns: 14262, Time: 00:58:24

Health: -1/66      AC:  7    Str:  7    XL:     12   Next: 55%
Magic:  15/21      EV: 22    Int: 20    God:    Dithmenos [*.....]
Gold:   753        SH:  0    Dex: 21    Spells: 10/23 levels left

rFire   . . .      SeeInvis .    m - +7 dagger of War {vorpal, rElec rPois Will+}
rCold   . . .      Faith    .    (no shield)
rNeg    . . .      Spirit   .    a - +0 robe
rPois   +          Reflect  .    (no helmet)
rElec   +          Harm     .    z - +2 cloak
rCorr   +          Rampage  .    n - +0 pair of gloves
Will    +....                    e - +0 pair of boots
Stlth   ++++++++++               (no amulet)
HPRegen 0.31/turn                h - +6 ring of dexterity
MPRegen 0.17/turn                I - ring of resist corrosion

@: wreathed by umbra
A: small, no large weapons, nightstalker 3
a: Renounce Religion


You were on level 12 of the Dungeon.
You worshipped Dithmenos.
Dithmenos was aware of your devotion.
You visited 2 branches of the dungeon, and saw 13 of its levels.
You also visited: Bailey.

You collected 753 gold pieces.

Inventory:

Hand Weapons
 m - the +7 dagger of War (weapon) {vorpal, rElec rPois Will+}
   (You found it on level 2 of the Dungeon)

   It inflicts extra damage upon your enemies.
   rElec:     It insulates you from electricity.
   rPois:     It protects you from poison.
   Will:      It increases your willpower.
Missiles
 H - 2 throwing nets
Armour
 a - a +0 robe (worn)
 e - a +0 pair of boots (worn)
 n - a +0 pair of gloves (worn)
 z - a +2 cloak (worn)
 K - the +2 leather armour of Optimism {rElec}
   (You took it off an orc wizard on level 10 of the Dungeon)

   rElec:     It insulates you from electricity.
Jewellery
 h - a +6 ring of dexterity (left hand)
 I - a ring of resist corrosion (right hand)
Wands
 G - a wand of roots (12)
Scrolls
 c - a scroll of fog
 d - 3 scrolls of torment
 f - 2 scrolls of vulnerability
 g - 3 scrolls of teleportation
 k - a scroll of amnesia
 q - 3 scrolls of magic mapping
 s - 2 scrolls of summoning {unknown}
 u - 2 scrolls of fear {unknown}
 y - 2 scrolls of enchant armour {unknown}
 A - 2 scrolls of noise {unknown}
 B - a scroll of silence {unknown}
 E - a scroll of acquirement {unknown}
 F - a scroll of brand weapon {unknown}
 L - a scroll of blinking {unknown}
 M - 2 scrolls of poison {unknown}
Potions
 b - 5 potions of magic
 i - 2 potions of brilliance
 j - a potion of flight {unknown}
 l - a potion of invisibility {unknown}
 o - 3 potions of heal wounds {unknown}
 p - a potion of berserk rage {unknown}
 r - 3 potions of cancellation
 t - 3 potions of lignification {unknown}
 v - a potion of ambrosia {unknown}
 w - 5 potions of curing {unknown}
 x - a potion of degeneration {unknown}
 C - a potion of mutation {unknown}
 D - 2 potions of haste {unknown}
 J - 2 potions of attraction {unknown}


   Skills:
 + Level 4.1 Fighting
 + Level 8.6 Short Blades
 * Level 9.7 Dodging
 * Level 18.7 Stealth
 + Level 6.0 Spellcasting
 + Level 1.8 Hexes
 + Level 7.7 Summonings
 + Level 1.4 Air Magic


You had 10 spell levels left.
You knew the following spells:

 Your Spells              Type           Power      Damage    Failure   Level
a - Summon Small Mammal   Summ           100%       N/A       1%          1
b - Call Imp              Summ           36%        N/A       1%          2
c - Call Canine Familiar  Summ           36%        N/A       1%          3
d - Summon Guardian Gole  Hex/Summ       25%        N/A       4%          3
e - Summon Lightning Spi  Summ/Air       24%        N/A       16%         4

Your spell library contained the following spells:

 Spells                   Type           Power      Damage    Failure   Level
 Sandblast                Erth           12%        2d6       11%         1
 Blink                    Tloc           12%        N/A       16%         2
 Momentum Strike          Conj/Tloc      12%        3d8       16%         2
 Passwall                 Tmut/Erth      5%         N/A       16%         2
 Gell's Gravitas          Tloc           6%         N/A       30%         3
 Lesser Beckoning         Tloc           12%        N/A       30%         3
 Stone Arrow              Conj/Erth      12%        3d7       30%         3
 Teleport Other           Tloc           6%         N/A       30%         3
 Dispersal                Tloc           3%         N/A       100%        6


Dungeon Overview and Level Annotations

Branches:
Dungeon (12/15)            Temple (1/1) D:5            Lair (0/5) D:11
    Orc (0/2) D:10         Bailey (visited)

Altars:
Cheibriados
Dithmenos
Elyvilon
Fedhas
Hepliaklqana
Kikubaaqudgha
Nemelex Xobeh
Okawaru
Sif Muna
Trog
Uskayaw
Vehumet
Wu Jian
Xom
Yredelemnul
Zin
The Shining One

Annotations:
D:3 Pikel
D:10 Harold
Temple 2 transporters


Innate Abilities, Weirdness & Mutations

You are small and have problems with some larger weapons.
You are completely attuned to the shadows.


Message History

You barely miss the white ugly thing.
The white ugly thing is moderately wounded.
You puncture the white ugly thing!
The white ugly thing is moderately wounded.
Your hound bites the white ugly thing but does no damage.
Your lightning spire shoots out a bolt of lightning at the white ugly thing!
The bolt of electricity hits the white ugly thing!
The white ugly thing tentacle-slaps your lightning spire.
The white ugly thing freezes your lightning spire.
Your lightning spire resists.
You hit the white ugly thing.
The white ugly thing is heavily wounded.
Your hound bites the white ugly thing.
You closely miss the white ugly thing.
The white ugly thing is heavily wounded.
Your hound bites the white ugly thing but does no damage.
The white ugly thing barely misses you.
You hit the white ugly thing.
The white ugly thing is heavily wounded.
Your hound misses the white ugly thing.
The white ugly thing tentacle-slaps you!
The white ugly thing freezes you!!
You puncture the white ugly thing!
The white ugly thing is severely wounded.
Your hound bites the white ugly thing but does no damage.
You hit the white ugly thing but do no damage.
The white ugly thing is severely wounded.
Your hound bites the white ugly thing.
Your lightning spire shoots out a bolt of lightning at the white ugly thing!
The bolt of electricity hits the white ugly thing!
The white ugly thing tentacle-slaps your lightning spire but does no damage.
You closely miss the white ugly thing.
The white ugly thing is almost dead.
Your hound bites the white ugly thing but does no damage.
You hit the white ugly thing but do no damage.
The white ugly thing is almost dead.
The white ugly thing tentacle-slaps you!
* * * LOW HITPOINT WARNING * * *
The white ugly thing freezes you!!
You die...

#.##+###
##............)).#
#.##.#
.................#
#.##.# ..
........#####....#
###.##.###.. ........#
#....# ....##......
####'#### #....#
......................
######
.....#.......####'####
####.#.####..?.8......
#.#.# #...hu@.....
#.#.# #...........
###+#.# #...........
#.....# ##+#..).###
+.....# ####.#
#.....##### .#
######......
######'##### #.#.##.##


You could see a white ugly thing (ally target), a friendly lightning spire
(summoned) and a friendly hound (summoned).

Vanquished Creatures
  2 vault guards (Bailey)
  2 boulder beetles (D:11)
  An ugly thing (D:11)
  Joseph (D:8)
  3 komodo dragons (D:11)
  2 nameless horrors (D:6)
  2 trolls
  4 slime creatures (D:12)
  A hornet (D:11)
  Prince Ribbit (Bailey)
  3 humans (Bailey)
  A yak (D:11)
  3 wyverns
  An acid dragon (D:11)
  2 water moccasins
  A sky beast (D:7)
  7 orc warriors
  6 black bears
  2 ice beasts
  2 ogres
  9 centaurs
  3 lemures (D:4)
  2 kobold brigands
  8 bullfrogs
  3 gnoll sergeants
  A necrophage (D:6)
  3 scorpions
  18 killer bees
  5 howler monkeys
  5 orc priests
  4 jellies
  3 hounds
  5 iguanas
  Natasha (twice) (D:4)
  12 orc wizards
  8 adders
  16 gnolls
  A white imp (D:5)
  An ufetubus (D:4)
  2 worms
  3 dart slugs (D:2)
  19 orcs
  7 ball pythons
  8 endoplasms
  3 giant cockroaches
  12 goblins
  6 hobgoblins
  5 jackals
  17 kobolds
  3 quokkas
  5 bats
  2 rats
248 creatures vanquished.

Vanquished Creatures (collateral kills)
  A human (Bailey)
  An orc warrior (D:9)
  2 bullfrogs (Bailey)
  A necrophage (D:6)
  A gnoll sergeant (D:8)
  3 killer bees
  An orc priest (D:6)
  Natasha (D:4)
  7 orc wizards
  A dart slug (D:1)
  5 orcs
  A ball python (D:4)
  2 endoplasms
  A goblin (D:3)
  A hobgoblin (D:1)
  2 jackals (D:1)
  2 bats (D:3)
  4 kobolds
  A rat (D:3)
38 creatures vanquished.

Vanquished Creatures (others)
  4 orc knights (D:10)
  A troll (D:10)
  An orc warrior (D:7)
  An orc priest (D:7)
  7 fungi (D:11)
  12 plants
26 creatures vanquished.

Grand Total: 312 creatures vanquished

Notes
Turn   | Place    | Note
-------+----------+-------------------------------------------
     0 | D:1      | LnG the Kobold Summoner began the quest for the Orb.
     0 | D:1      | Reached XP level 1. HP: 10/10 MP: 3/3
    89 | D:1      | Reached XP level 2. HP: 15/15 MP: 1/5
    92 | D:1      | Learned a level 2 spell: Call Imp
   240 | D:1      | Reached skill level 3 in Stealth
   286 | D:1      | Reached XP level 3. HP: 19/19 MP: 6/6
   707 | D:1      | Learned a level 3 spell: Call Canine Familiar
   968 | D:2      | Identified the +7 dagger of War {vorpal, rElec rPois Will+}
  1178 | D:2      | Reached XP level 4. HP: 24/24 MP: 7/7
  1319 | D:2      | Reached skill level 4 in Stealth
  2169 | D:3      | Reached XP level 5. HP: 28/28 MP: 5/9
  2175 | D:3      | Reached skill level 1 in Short Blades
  2178 | D:3      | Reached skill level 5 in Stealth
  2446 | D:3      | Reached XP level 6. HP: 32/32 MP: 10/10
  2450 | D:3      | Learned a level 3 spell: Summon Guardian Golem
  2636 | D:4      | Noticed Pikel
  2793 | D:4      | Reached skill level 1 in Fighting
  2912 | D:4      | Reached skill level 6 in Stealth
  3318 | D:4      | Noticed Natasha
  3324 | D:4      | Killed Natasha
  3329 | D:4      | Reached XP level 7. HP: 16/38 MP: 7/11
  3772 | D:4      | Noticed Natasha
  3777 | D:4      | Killed Natasha
  4304 | D:4      | Reached skill level 7 in Stealth
  4304 | D:4      | Reached skill level 5 in Summonings
  4377 | D:4      | Noticed Natasha
  4387 | D:4      | Killed Natasha
  4468 | D:5      | Entered Level 5 of the Dungeon
  4683 | D:5      | Reached skill level 8 in Stealth
  4722 | D:5      | Reached XP level 8. HP: 44/44 MP: 12/12
  4728 | D:5      | Learned a level 4 spell: Summon Lightning Spire
  4862 | D:5      | Found a staircase to the Ecumenical Temple.
  4868 | Temple   | Entered the Ecumenical Temple
  4871 | Temple   | Found a transporter.
  4871 | Temple   | Found a transporter.
  4873 | Temple   | Found a transporter.
  4873 | Temple   | Found a transporter.
  5018 | D:5      | Reached skill level 5 in Dodging
  5051 | D:5      | Reached skill level 9 in Stealth
  5591 | D:6      | Reached skill level 10 in Stealth
  5638 | D:6      | Reached XP level 9. HP: 48/48 MP: 10/14
  5888 | D:6      | Noticed a nameless horror
  5889 | D:6      | Noticed a nameless horror
  6015 | D:6      | Reached skill level 11 in Stealth
  6239 | D:6      | Killed a nameless horror
  6476 | D:6      | Killed a nameless horror
  7259 | D:7      | Reached skill level 5 in Short Blades
  7292 | D:7      | Found a flagged portal.
  7302 | Bailey   | Entered a bailey
  7310 | Bailey   | Reached skill level 12 in Stealth
  7388 | Bailey   | Reached XP level 10. HP: 38/54 MP: 13/16
  7447 | Bailey   | Reached skill level 13 in Stealth
  7535 | Bailey   | Noticed a vault guard
  7546 | Bailey   | Noticed Prince Ribbit
  7547 | Bailey   | Noticed a vault guard
  7550 | Bailey   | Killed Prince Ribbit
  7552 | Bailey   | Killed a vault guard
  7553 | Bailey   | Reached skill level 14 in Stealth
  7585 | Bailey   | Killed a vault guard
  7703 | D:7      | Reached skill level 15 in Stealth
  8256 | D:8      | Identified the +3 glaive "Cisuvimu" {spect, Contam rPois
                  | Will++ SInv}
  8413 | D:8      | Noticed Joseph
  8436 | D:8      | Killed Joseph
  8659 | D:8      | Found an ancient bone altar of Kikubaaqudgha.
  8659 | D:8      | Found a basalt altar of Yredelemnul.
  8659 | D:8      | Found a shimmering altar of Xom.
  8687 | D:8      | Reached XP level 11. HP: 60/60 MP: 10/18
  9567 | D:9      | Reached skill level 16 in Stealth
 10380 | D:9      | Reached skill level 5 in Spellcasting
 10809 | D:10     | Entered Level 10 of the Dungeon
 10918 | D:10     | Noticed Harold
 10919 | D:10     | Noticed an orc knight
 10919 | D:10     | Noticed an orc knight
 10946 | D:10     | Killed an orc knight
 10960 | D:10     | Killed an orc knight
 10980 | D:10     | Reached skill level 1 in Hexes
 11122 | D:10     | Found a blossoming altar of Fedhas.
 11228 | D:10     | Reached skill level 17 in Stealth
 11492 | D:10     | Noticed an orc knight
 11508 | D:10     | Killed an orc knight
 11613 | D:10     | Identified the +2 leather armour of Optimism {rElec}
 11649 | D:10     | Found a bloodstained altar of Trog.
 11661 | D:10     | Noticed an orc knight
 11661 | D:10     | Noticed a +4 long sword
 11687 | D:10     | Killed an orc knight
 12100 | D:10     | Reached skill level 1 in Air Magic
 12160 | D:10     | Found a staircase to the Orcish Mines.
 12666 | Temple   | Became a worshipper of Dithmenos the Shadowed
 12899 | D:11     | Noticed a purple ugly thing
 12901 | D:11     | Killed a purple ugly thing
 12902 | D:11     | Reached XP level 12. HP: 66/66 MP: 20/20
 13548 | D:11     | Noticed a boulder beetle
 13552 | D:11     | Killed a boulder beetle
 13742 | D:11     | Found a staircase to the Lair.
 13779 | D:11     | Reached skill level 18 in Stealth
 14001 | D:11     | Noticed a boulder beetle
 14005 | D:11     | Killed a boulder beetle
 14241 | D:12     | Reached * piety under Dithmenos
 14262 | D:12     | Slain by a white ugly thing

Illustrated notes

Levels and vault maps discovered:
D:1:      tarquinn_simple_flora_water_c, layout_rooms
D:2:      layout_basic
D:3:      layout_rooms, palyth_stone_intersect
D:4:      layout_layer_cave, grunt_tough_drop, uniq_natasha, uniq_pikel
D:5:      layout_basic, minmay_temple_entry_fiery
D:6:      layout_gridville
D:7:      layout_basic, enter_bailey_3, minmay_microvault
D:8:      layout_loops_ring, gammafunk_temple_overflow_forgotten, uniq_joseph
D:9:      layout_cave_pods, minmay_unpleasant_kobolds
D:10:     layout_basic, general_overflow_altar, fedhas_ov_isle_minmay,
          david_orc_4, st_stairs_10, sword_in_stone
D:11:     layout_loops_corners, due_lair_maze_entry_diamond
D:12:     wad_pebble_path, layout_basic, grunt_gozag_breadcrumbs
Temple:   hellmonk_temple_divided_pantheon

Skill      XL: |  1  2  3  4  5  6  7  8  9 10 11 12 |
---------------+-------------------------------------+-----
Stealth        | 3 4 5 6 8 10 12 15 17 18 | 18.7
Dodging        | 3 4 5 6 7 9 |  9.7
Short Blades   | 1 3 4 5 6 7 8 |  8.6
Fighting       | 1 2 3 4 |  4.1
Spellcasting   | 3 4 5 6 |  6.0
Summonings     | 5 6 7 |  7.7
Hexes          | 1 |  1.8
Air Magic      | 1 |  1.4

Action                   |  1- 3 |  4- 6 |  7- 9 | 10-12 || total
-------------------------+-------+-------+-------+-------++-------
Melee: Unarmed           |    15 |       |       |       ||    15
       Punch             |     1 |     2 |     2 |     4 ||     9
       Dagger            |    52 |    78 |   207 |   361 ||   698
 Cast: Summon Small Mamm |     7 |       |       |     1 ||     8
       Call Imp          |     1 |     1 |     1 |     5 ||     8
       Call Canine Famil |       |    10 |    14 |    16 ||    40
       Summon Guardian G |       |     1 |       |    14 ||    15
       Summon Lightning  |       |       |     1 |    13 ||    14
  Use: Scroll            |       |       |     6 |     6 ||    12
 Stab: Sleeping          |    11 |    22 |    36 |    48 ||   117
       Distracted        |       |     1 |     4 |     6 ||    11
       Betrayed ally     |       |       |       |     1 ||     1
Armor: Robe              |    14 |    13 |    24 |    48 ||    99
Dodge: Dodged            |    79 |    50 |   132 |   325 ||   586

Table legend: (Time is in decaauts)
 A = Elapsed time spent in this place.
 B = Non-inter-level travel time spent in this place.
 C = Inter-level travel time spent in this place.
 D = Time resting spent in this place.
 E = Time spent auto-exploring this place.
 F = Levels seen in this place.
 G = Mean time per level.
                   A        B        C        D        E       F      G
               +--------+--------+--------+--------+--------+-----+--------+
         Total |  14108 |  13248 |    860 |   1726 |   8968 |  14 | 1007.7 |
       Dungeon |  13702 |  12912 |    790 |   1631 |   8952 |  12 | 1141.8 |
        Temple |     75 |      6 |     69 |      0 |      0 |   1 |   75.0 |
        Bailey |    330 |    330 |      0 |     95 |     15 |   1 |  330.0 |
               +--------+--------+--------+--------+--------+-----+--------+

Top non-repeatable levels by time:
     D:9: 1703 daAuts
     D:4: 1676 daAuts
    D:10: 1507 daAuts
     D:6: 1507 daAuts
     D:2: 1317 daAuts
     D:7: 1181 daAuts
     D:8: 1145 daAuts
    D:11: 1118 daAuts
     D:5: 873 daAuts
     D:3: 760 daAuts
     D:1: 709 daAuts
  Bailey: 330 daAuts
    D:12: 201 daAuts
  Temple: 75 daAuts
